 Dungeon Crawl Stone Soup version 0.22.1-2-g9c5b331383 (webtiles) character file.

139245 Peloso the Peltast (level 16, -10/151 HPs)
             Began as a Minotaur Fighter on Dec 25, 2018.
             Was the Champion of Okawaru.
             Mangled by a wolf spider (19 damage)
             ... on level 2 of the Spider Nest.
             The game lasted 01:18:26 (27357 turns).

Peloso the Peltast (Minotaur Fighter)              Turns: 27357, Time: 01:18:26

Health: -10/151    AC:  8    Str: 29    XL:     16   Next: 73%
Magic:  0/25       EV: 10    Int:  8    God:    Okawaru [******]
Gold:   2986       SH: 33    Dex: 26    Spells: 15/15 levels left

rFire    . . .     SeeInvis .   a - +8 double sword (slice)
rCold    + + .     Gourm    .   c - +8 large shield of the Serpent {rC+ MP+9}
rNeg     + + +     Faith    .   g - +10 plate armour "Adihelun" {rN+++ Str+4 Int+3 Stlth-}
rPois    .         Spirit   +   s - +0 hat "Buathrann" {rC+ Dex+5}
rElec    .         Reflect  .   J - scarf {Spirit}
rCorr    .         Harm     .   v - +1 pair of gloves {Dex+3}
MR       +....                  E - +1 pair of boots {run}
Stlth    ..........             (no amulet)
HPRegen  0.35/turn              y - +5 ring of dexterity
MPRegen  0.19/turn              (no ring)

@: corroded, very slightly contaminated, quick
A: retaliatory headbutt, horns 2
a: Heroism, Finesse, Renounce Religion


You were on level 2 of the Spider Nest.
You worshipped Okawaru.
Okawaru was exalted by your worship.
You were not hungry.

You visited 5 branches of the dungeon, and saw 26 of its levels.
You also visited: Labyrinth, Bailey and Volcano.

You collected 3249 gold pieces.
You spent 263 gold pieces at shops.

Inventory:

Hand Weapons
 a - a +8 double sword of slicing (weapon)
 b - a +3 double sword of holy wrath
 e - a +2 double sword of holy wrath
 F - a +6 scimitar of flaming
Armour
 c - the +8 large shield of the Serpent (worn) {rC+ MP+9}
   (Okawaru gifted it to you on level 2 of the Orcish Mines)

   It protects you from cold.
   It affects your magic capacity (+9).
 g - the +10 plate armour "Adihelun" (worn) {rN+++ Str+4 Int+3 Stlth-}
   (You found it on level 2 of the Spider Nest)

   It affects your strength (+4).
   It affects your intelligence (+3).
   It renders you almost immune to negative energy.
   It makes you less stealthy.
 i - a +0 plate armour of poison resistance
 s - the +0 hat "Buathrann" (worn) {rC+ Dex+5}
   (Okawaru gifted it to you on level 13 of the Dungeon)

   It affects your dexterity (+5).
   It protects you from cold.
 v - a +1 pair of gloves of dexterity (worn)
 E - a +1 pair of boots of running (worn)
 J - a scarf of spirit shield (worn)
Jewellery
 u - an uncursed amulet of magic regeneration
 y - a +5 ring of dexterity (left hand)
 D - the amulet of Qoegiot {RegenMP -Tele rPois rN+++ SInv}
   (You found it on level 8 of the Dungeon)

   [amulet of magic regeneration]

   It increases your magic regeneration.
   It protects you from poison.
   It renders you almost immune to negative energy.
   It lets you see invisible.
   It prevents most forms of teleportation.
 L - an uncursed ring of protection from fire
Scrolls
 h - 2 scrolls of enchant weapon
 l - 2 scrolls of blinking
 m - 6 scrolls of teleportation
 q - 8 scrolls of remove curse
 t - 2 scrolls of fear
 x - 3 scrolls of identify
 C - a scroll of noise
Potions
 d - 6 potions of might
 j - 3 potions of resistance
 k - 6 potions of curing
 n - 5 potions of agility
 o - 7 potions of flight
 p - a potion of lignification {unknown}
 H - 5 potions of haste
Comestibles
 f - 38 rations
 r - 3 chunks of flesh


   Skills:
 + Level 15.8 Fighting
 + Level 18.7 Long Blades
 + Level 15.5 Armour
 + Level 3.5 Dodging
 + Level 1.6 Stealth
 + Level 19.2 Shields
 + Level 1.2 Invocations
   Level 1.8 Evocations


You had 15 spell levels left.
You didn't know any spells.
Your spell library contained the following spells:

 Spells                   Type           Power        Failure   Level  Hunger
 Animate Skeleton         Necr           N/A          99%         1    ##.....
 Confusing Touch          Hex            #.....       99%         1    ##.....
 Corona                   Hex            #......      99%         1    ##.....
 Pain                     Necr           #...         99%         1    ##.....
 Summon Butterflies       Summ           #.......     99%         1    ##.....
 Summon Small Mammal      Summ           #...         99%         1    ##.....
 Call Imp                 Summ           #.......     100%        2    ###....
 Poisonous Vapours        Pois/Air       #.....       100%        2    ###....
 Slow                     Hex            #.......     100%        2    ###....
 Call Canine Familiar     Summ           #.......     100%        3    ####...
 Confuse                  Hex            #.......     100%        3    ####...
 Conjure Flame            Conj/Fire      #.......     100%        3    ####...
 Gell's Gravitas          Tloc           #.........   100%        3    ####...
 Ignite Poison            Fire/Tmut/Pois #.......     100%        3    ####...
 Inner Flame              Hex/Fire       #.......     100%        3    ####...
 Mephitic Cloud           Conj/Pois/Air  #.......     100%        3    ####...
 Portal Projectile        Hex/Tloc       #.....       100%        3    ####...
 Recall                   Summ/Tloc      N/A          100%        3    ####...
 Regeneration             Chrm/Necr      #.........   100%        3    ####...
 Summon Guardian Golem    Hex/Summ       #.......     100%        3    ####...
 Vampiric Draining        Necr           #.........   100%        3    ####...
 Animate Dead             Necr           N/A          100%        4    #####..
 Cause Fear               Hex            #.........   100%        4    #####..
 Leda's Liquefaction      Hex/Erth       #.........   100%        4    #####..
 Petrify                  Tmut/Erth      #.......     100%        4    #####..
 Summon Ice Beast         Ice/Summ       #.......     100%        4    #####..
 Summon Lightning Spire   Summ/Air       #.......     100%        4    #####..
 Aura of Abjuration       Summ           #.........   100%        5    ######.
 Fireball                 Conj/Fire      #.........   100%        5    ######.
 Irradiate                Conj/Tmut      #.........   100%        5    ######.
 Metabolic Englaciation   Hex/Ice        #.........   100%        5    ######.
 Summon Demon             Summ           #.........   100%        5    ######.
 Summon Forest            Summ/Tloc      #.........   100%        5    ######.
 Summon Mana Viper        Hex/Summ       #.......     100%        5    ######.
 Yara's Violent Unravell  Hex/Tmut       #.........   100%        5    ######.
 Bolt of Fire             Conj/Fire      #.........   100%        6    #######
 Freezing Cloud           Conj/Ice/Air   #.........   100%        6    #######
 Hydra Form               Tmut           #.........   100%        6    #######
 Shadow Creatures         Summ           N/A          100%        6    #######
 Statue Form              Tmut/Erth      #........    100%        6    #######
 Dragon Form              Tmut           #.........   100%        7    #######
 Ring of Flames           Chrm/Fire      #.........   100%        7    #######
 Summon Hydra             Summ           #.........   100%        7    #######
 Ignition                 Fire           #.........   100%        8    #######


Dungeon Overview and Level Annotations

Branches:
Dungeon (15/15)            Temple (1/1) D:5            Lair (6/6) D:9
 Shoals (0/4) Lair:3       Spider (2/4) Lair:2        Slime (0/5) Lair:5
    Orc (2/2) D:12            Elf (0/3) Orc:2        Vaults (0/5) D:14
 Depths (0/5) D:15

Altars:
Ashenzari
Cheibriados
Dithmenos
Elyvilon
Gozag
Hepliaklqana
Makhleb
Nemelex Xobeh
Okawaru
Qazlal
Ru
Sif Muna
Trog
Uskayaw
Vehumet
Wu Jian
Xom
Yredelemnul
Zin
Beogh

Shops:
D:8 }   D:10 (   Orc:1 (   Orc:2 [:(%


Innate Abilities, Weirdness & Mutations

You reflexively headbutt those who attack you in melee.
You have a pair of horns on your head.


Message History

The wolf spider bites you.
* * * LOW HITPOINT WARNING * * *
Unknown command.
You slash the wolf spider! Your headbutt misses the wolf spider.
The wolf spider is heavily wounded.
You block the wolf spider's attack. The wolf spider misses you.
You block the wolf spider's attack. The wolf spider bites you.
* * * LOW HITPOINT WARNING * * *
Unknown command.
You hit the wolf spider but do no damage.
The wolf spider is heavily wounded.
You block the wolf spider's attack. x3; The wolf spider barely misses you.
You block the wolf spider's attack. The wolf spider bites you!
* * * LOW HITPOINT WARNING * * *
Unknown command.
You completely miss the wolf spider.
You headbutt the wolf spider, but do no damage.
The wolf spider is heavily wounded.
The wolf spider hits you!!
You die...

#...........
#..........
#.........
#........# #
#........#.##
##..........#
#...s.......^
#...@s^.....
####...##^.#
#####


You could see 2 wolf spiders.

Vanquished Creatures
  Rupert (Lair:3)
  A sphinx (D:14)
  Roxanne (Spider:1)
  A frost giant (D:14)
  An emperor scorpion (Spider:1)
  The ghost of Ucvamiuxt the Spry, a journeyman MfGl of Dithmenos (Orc:1)
  The ghost of Jerry the Basher, a journeyman DsFi of Gozag (D:14)
  A stone giant (Volcano)
  2 entropy weavers
  Nessos (D:13)
  The ghost of Umihuxt the Cleaver, a journeyman DsAK of Lugonu (Orc:1)
  A minotaur (Lab)
  A great orb of eyes (D:14)
  11 hydras
  The ghost of Guekuita the Blocker, a journeyman GnFi of Ru (Orc:1)
  An anaconda (Lair:4)
  A rakshasa (D:15)
  A catoblepas (Lair:6)
  Erica (D:8)
  6 centaur warriors
  The ghost of aaaaaaaaaaaaaaaaaa the Grappler, a novice TrMo of Wu Jian (D:8)
  2 dancing weapons (D:14)
  4 ogre magi (Orc:2)
  22 two-headed ogres
  A merfolk avatar (Lair:6)
  Urug (Lair:5)
  3 death yaks
  2 orc high priests
  Sonja (Lair:5)
  A fire crab (shapeshifter) (D:15)
  4 skeletal warriors (D:13)
  A sea snake (Lair:6)
  An unseen horror (D:12)
  A wizard (D:15)
  A glowing orange brain (D:15)
  A lindwurm (Lair:6)
  2 wolf spider zombies
  2 harpies (Lair:6)
  2 orc sorcerers
  An orc knight (Orc:1)
  10 ugly things
  A deep elf mage (D:14)
  A mana viper (shapeshifter) (D:15)
  3 orb spiders (Spider:2)
  2 wolf spiders
  7 cyclopes
  2 oklob plants (Lair:6)
  A manticore (D:13)
  3 elephants (Lair:6)
  5 black mambas
  2 molten gargoyles (Volcano)
  2 centaur zombies (D:13)
  10 gargoyles
  A torpor snail (Spider:1)
  4 centaur skeletons
  A kobold demonologist (D:13)
  14 spiny frogs
  2 rime drakes
  8 komodo dragons
  An efreet (Volcano)
  6 yaktaurs (D:15)
  A freezing wraith (D:15)
  3 demonic crawlers
  The ghost of Gabide the Magician, a novice DEFE (D:4)
  A queen bee (D:10)
  10 trolls
  12 jumping spiders
  3 hornets
  16 blink frogs
  4 polar bears (Lair:6)
  Grinder (D:3)
  A wind drake (Lair:6)
  A harpy skeleton (D:15)
  5 slime creatures
  7 dream sheep (Lair:5)
  7 hippogriffs
  2 shadows
  A centaur simulacrum (D:15)
  26 redbacks
  7 tarantellas
  3 water elementals (D:15)
  2 vampires
  5 wyverns
  Sigmund (D:5)
  2 wraiths
  A hungry ghost (D:14)
  2 basilisks
  3 fire elementals (Volcano)
  30 yaks
  6 fire bats (Volcano)
  2 steam dragons (D:12)
  5 vampire mosquitoes
  2 wargs
  A soldier ant (D:12)
  16 water moccasins
  9 porcupines
  A black bear (D:12)
  9 ice beasts
  2 hornet zombies
  4 sky beasts
  2 necrophages
  30 orc warriors
  32 ogres
  A phantom (D:4)
  9 boggarts
  31 centaurs
  The ghost of Cykl0x the Shield-Bearer, an amateur GrFi (D:4)
  14 crocodiles
  20 bullfrogs
  An earth elemental (Volcano)
  3 scorpions
  24 killer bees
  14 wights
  6 howler monkeys
  5 jellies
  5 electric eels
  8 crimson imps
  5 lava snakes (Volcano)
  4 bullfrog zombies
  6 hounds
  26 orc priests
  32 orc wizards
  A bullfrog skeleton (D:7)
  2 hell rats (D:9)
  2 iguanas
  7 worker ants
  Robin (D:4)
  9 gnolls
  15 adders
  3 shadow imps
  An adder skeleton (D:9)
  4 worms
  A dart slug (D:1)
  7 leopard geckos
  107 orcs
  A ball python (D:4)
  7 giant cockroaches
  14 goblins
  13 hobgoblins
  26 jackals
  18 kobolds
  3 quokkas
  5 bats
  4 frilled lizards
  A leopard gecko zombie (D:8)
  A quokka skeleton (D:4)
  7 rats
  A fungus (Lair:1)
  A plant (Lair:1)
932 creatures vanquished.

Vanquished Creatures (others)
  3 bushes (Lair:6)
  10 fungi
  20 plants
  3 withered plants
36 creatures vanquished.

Grand Total: 968 creatures vanquished

Notes
Turn   | Place    | Note
-------+----------+-------------------------------------------
     0 | D:1      | Peloso the Minotaur Fighter began the quest for the Orb.
     0 | D:1      | Reached XP level 1. HP: 19/19 MP: 0/0
   227 | D:1      | Reached XP level 2. HP: 20/27 MP: 1/1
   735 | D:2      | Found a hide-covered altar of Uskayaw.
   737 | D:2      | Found a bloodstained altar of Trog.
   740 | D:2      | Reached XP level 3. HP: 27/34 MP: 2/2
   789 | D:2      | Reached skill level 4 in Shields
   806 | D:2      | Found a snail-covered altar of Cheibriados.
   809 | D:2      | Found a basalt altar of Yredelemnul.
   811 | D:2      | Found an ornate altar of the Wu Jian Council.
   811 | D:2      | Found a hazy altar of Hepliaklqana.
   812 | D:2      | Found a deep blue altar of Sif Muna.
  1276 | D:3      | Reached XP level 4. HP: 41/41 MP: 3/3
  1305 | D:3      | Found a burning altar of Makhleb.
  1305 | D:3      | Noticed an Executioner
  1317 | D:3      | Noticed Grinder
  1317 | D:3      | Paralysed by Grinder for 5 turns
  1336 | D:3      | Killed Grinder
  1336 | D:3      | Reached skill level 5 in Long Blades
  1336 | D:3      | Reached skill level 5 in Shields
  1336 | D:3      | Reached XP level 5. HP: 10/47 MP: 4/4
  1336 | D:3      | Reached XP level 6. HP: 11/53 MP: 5/5
  1964 | D:4      | Found an opulent altar of Gozag.
  1987 | D:4      | Reached skill level 1 in Dodging
  2048 | D:4      | Reached skill level 5 in Armour
  2334 | D:4      | Found a shimmering altar of Xom.
  2465 | D:4      | Reached skill level 5 in Fighting
  2483 | D:4      | Reached XP level 7. HP: 53/61 MP: 6/6
  2528 | D:4      | Found a runed gate.
  2535 | D:4      | Found a runed gate.
  2535 | D:4      | Found a runed gate.
  2537 | D:4      | Noticed Cykl0x's ghost (amateur GrFi)
  2548 | D:4      | Noticed Gabide's ghost (novice DEFE)
  2553 | D:4      | Found a stormy altar of Qazlal.
  2574 | D:4      | Noticed Robin
  2580 | D:4      | Killed Robin
  2749 | D:4      | Reached skill level 6 in Shields
  2985 | D:5      | Entered Level 5 of the Dungeon
  3014 | D:5      | Found a shattered altar of Ashenzari.
  3051 | D:5      | Found a staircase to the Ecumenical Temple.
  3064 | Temple   | Entered the Ecumenical Temple
  3096 | Temple   | Became a worshipper of Warmaster Okawaru
  3521 | D:5      | Noticed Sigmund
  3550 | D:5      | Killed Sigmund
  3550 | D:5      | Reached XP level 8. HP: 18/68 MP: 7/7
  4141 | D:6      | Reached skill level 7 in Shields
  4545 | D:6      | Reached * piety under Okawaru
  4937 | D:7      | Reached skill level 8 in Shields
  5205 | D:7      | Reached XP level 9. HP: 68/75 MP: 8/8
  5689 | D:8      | Reached ** piety under Okawaru
  5753 | D:8      | Got a slimy platinum amulet
  6201 | D:8      | Noticed Erica
  6225 | D:8      | Killed Erica
  6225 | D:8      | Reached *** piety under Okawaru
  6225 | D:8      | Reached skill level 9 in Shields
  6298 | D:8      | Found Nidghiwk's Gadget Emporium.
  6461 | D:8      | Found a transporter.
  6464 | D:8      | Noticed aaaaaaaaaaaaaaaaaa's ghost (novice TrMo)
  6465 | D:8      | Found a transporter.
  6467 | D:8      | Noticed a two-headed ogre
  6604 | D:8      | Reached skill level 10 in Long Blades
  6822 | D:8      | Identified the amulet of Qoegiot {RegenMP -Tele rPois rN+++
                  | SInv} (You found it on level 8 of the Dungeon)
  6898 | D:9      | Noticed a death yak
  6899 | D:9      | Found a staircase to the Lair.
  6902 | D:9      | Noticed a death yak
  6906 | D:9      | Reached XP level 10. HP: 76/84 MP: 9/9
  6908 | D:9      | Noticed a death yak
  6924 | D:9      | Killed a death yak
  6924 | D:9      | Reached **** piety under Okawaru
  6924 | D:9      | Reached skill level 10 in Shields
  6940 | D:8      | Killed a death yak
  6940 | D:8      | Reached ***** piety under Okawaru
  7195 | D:9      | Killed a death yak
  7809 | D:10     | Entered Level 10 of the Dungeon
  7870 | D:10     | Found Lawuc's Antique Weapon Boutique.
  7888 | D:10     | Noticed a gargoyle
  7896 | D:10     | Killed a gargoyle
  7896 | D:10     | Reached skill level 10 in Armour
  7930 | D:10     | Reached skill level 1 in Invocations
  7952 | D:10     | Received a gift from Okawaru
  7981 | D:10     | Reached XP level 11. HP: 27/94 MP: 10/10
  7987 | D:10     | Reached skill level 11 in Shields
  8925 | D:11     | Found a flagged portal.
  8953 | Bailey   | Entered a bailey
  9176 | Bailey   | Got a pitted silver amulet
  9481 | Bailey   | Identified the amulet of Covivub {+Fly rPois Regen+ Str+4
                  | Dex-5} (You took it off an orc in a bailey)
  9547 | D:11     | Received a gift from Okawaru
  9667 | D:11     | Reached skill level 1 in Evocations
  9912 | D:11     | Found a shimmering altar of Xom.
  9912 | D:11     | Found a shimmering altar of Xom.
  9913 | D:11     | Found a shimmering altar of Xom.
  9914 | D:11     | Found a shimmering altar of Xom.
  9915 | D:11     | Found a shimmering altar of Xom.
 10250 | D:4      | Killed Gabide's ghost
 10251 | D:4      | Killed Cykl0x's ghost
 10440 | D:8      | Killed a two-headed ogre
 10454 | D:8      | Killed aaaaaaaaaaaaaaaaaa's ghost
 10454 | D:8      | Reached skill level 12 in Shields
 10656 | D:12     | Reached XP level 12. HP: 105/105 MP: 12/12
 10721 | D:12     | Noticed a six-headed hydra
 10736 | D:12     | Killed a one-headed hydra
 10763 | D:12     | Received a gift from Okawaru
 10809 | D:12     | Found a staircase to the Orcish Mines.
 10924 | D:12     | Noticed a six-headed hydra
 10942 | D:12     | Killed a five-headed hydra
 10942 | D:12     | Reached ****** piety under Okawaru
 10942 | D:12     | Reached skill level 10 in Fighting
 11035 | D:12     | Noticed an eight-headed hydra
 11043 | D:12     | Killed a four-headed hydra
 11045 | D:12     | Reached skill level 15 in Long Blades
 11482 | Lair:1   | Entered Level 1 of the Lair of Beasts
 11650 | Lair:1   | Noticed an eight-headed hydra
 11657 | Lair:1   | Killed a six-headed hydra
 11686 | Lair:1   | Received a gift from Okawaru
 11689 | Lair:1   | Got a warped shield {god gift}
 11700 | Lair:1   | Identified the +0 shield "Goecet" {-Cast Regen+ Int+8
                  | Dex-5} (Okawaru gifted it to you on level 1 of the Lair of
                  | Beasts)
 12065 | Lair:1   | Reached skill level 13 in Shields
 12446 | Lair:2   | Noticed a six-headed hydra
 12458 | Lair:2   | Killed a one-headed hydra
 12603 | Lair:2   | Found a dark tunnel.
 12616 | Volcano  | Entered a volcano
 12867 | Volcano  | Reached XP level 13. HP: 103/116 MP: 13/13
 12873 | Volcano  | Found a radiant altar of Vehumet.
 12891 | Volcano  | Noticed a stone giant
 12903 | Volcano  | Killed a stone giant
 13403 | Lair:2   | Found a hole to the Spider Nest.
 13971 | Lair:3   | Noticed Rupert
 13976 | Lair:3   | Paralysed by Rupert for 4 turns
 13991 | Lair:3   | Killed Rupert
 13991 | Lair:3   | Received a gift from Okawaru
 14501 | Lair:3   | Found a staircase to the Shoals.
 14896 | Lair:4   | Reached skill level 1 in Stealth
 15192 | Lair:4   | Reached skill level 14 in Shields
 15858 | Lair:5   | Found a staircase to the Slime Pits.
 16068 | Lair:5   | Noticed Urug
 16081 | Lair:5   | Killed Urug
 16395 | Lair:5   | Noticed Sonja
 16396 | Lair:5   | Killed Sonja
 16691 | Lair:6   | Entered Level 6 of the Lair of Beasts
 16740 | Lair:6   | Paralysed by a hornet for 1 turns
 16802 | Lair:6   | Reached XP level 14. HP: 120/127 MP: 14/14
 16932 | Lair:6   | HP: 2/127 [poisoned by a spiny frog]
 16945 | Lair:6   | Received a gift from Okawaru
 17159 | Lair:6   | Reached skill level 15 in Shields
 17357 | Lair:6   | Received a gift from Okawaru
 17410 | Lair:6   | Identified a +0 pair of boots of running (Okawaru gifted it
                  | to you on level 6 of the Lair of Beasts)
 19493 | Orc:1    | Entered Level 1 of the Orcish Mines
 19579 | Orc:1    | Found Kixulas's Weapon Emporium.
 19628 | Orc:2    | Entered Level 2 of the Orcish Mines
 19688 | Orc:2    | Found a labyrinth entrance.
 19697 | Lab      | Entered a labyrinth
 20195 | Lab      | Got an ancient lajatang {slice}
 20297 | Orc:2    | Found a staircase to the Elven Halls.
 20495 | Orc:2    | Received a gift from Okawaru
 20564 | Orc:2    | Received a gift from Okawaru
 20579 | Orc:2    | Reached XP level 15. HP: 26/137 MP: 6/15
 20666 | Orc:2    | Reached skill level 16 in Shields
 21025 | Orc:2    | Got a spiked large shield {god gift}
 21031 | Orc:2    | Identified the +8 large shield of the Serpent {rC+ MP+9}
                  | (Okawaru gifted it to you on level 2 of the Orcish Mines)
 21304 | Orc:2    | Found a roughly hewn altar of Beogh.
 21408 | Orc:2    | Found Xeydiah's Food Shoppe.
 21409 | Orc:2    | Found Zewnutuv's Antique Weapon Shop.
 21409 | Orc:2    | Found Afys's Armour Emporium.
 21409 | Orc:2    | Found Otach's Book Shop.
 21421 | Orc:2    | Bought a polished long sword for 263 gold pieces
 21424 | Orc:2    | Identified the +5 long sword of the Scavenger {pain, rElec
                  | Str+3 Dex+2} (You bought it in a shop on level 2 of the
                  | Orcish Mines)
 21554 | Orc:1    | Found a runed gate.
 21554 | Orc:1    | Found a runed gate.
 21554 | Orc:1    | Found a runed gate.
 21582 | Orc:1    | Noticed Guekuita's ghost (journeyman GnFi)
 21583 | Orc:1    | Noticed Ucvamiuxt's ghost (journeyman MfGl)
 21583 | Orc:1    | Noticed Umihuxt's ghost (journeyman DsAK)
 21722 | Orc:1    | Found a radiant altar of Vehumet.
 22020 | Orc:1    | Killed Ucvamiuxt's ghost
 22031 | Orc:1    | Killed Umihuxt's ghost
 22038 | Orc:1    | Killed Guekuita's ghost
 22338 | D:13     | Received a gift from Okawaru
 22350 | D:13     | Got a crude hat {god gift}
 22356 | D:13     | Identified the +0 hat "Buathrann" {rC+ Dex+5} (Okawaru
                  | gifted it to you on level 13 of the Dungeon)
 22394 | D:13     | Reached skill level 17 in Shields
 23213 | D:13     | Noticed Nessos
 23235 | D:13     | Killed Nessos
 23535 | D:14     | Paralysed by a hornet for 1 turns
 23565 | D:14     | Reached skill level 15 in Armour
 23763 | D:14     | Reached skill level 15 in Fighting
 23879 | D:14     | Found a gate to the Vaults.
 23899 | D:14     | Received a gift from Okawaru
 23937 | D:14     | Found a runed gate.
 23937 | D:14     | Found a runed gate.
 23938 | D:14     | Found a runed gate.
 23944 | D:14     | Noticed Jerry's ghost (journeyman DsFi)
 23945 | D:14     | Noticed a sphinx
 23946 | D:14     | Noticed a frost giant
 24313 | D:14     | Killed Jerry's ghost
 24317 | D:14     | Killed a sphinx
 24317 | D:14     | Reached XP level 16. HP: 129/149 MP: 16/16
 24326 | D:14     | Reached skill level 18 in Shields
 24395 | D:15     | Entered Level 15 of the Dungeon
 24619 | D:15     | Received a gift from Okawaru
 24755 | D:15     | Found a staircase to the Depths.
 25697 | Lair:1   | Identified the cursed +2 lajatang of the Girdle {slice,
                  | rPois rF+ Str+3 SInv} (You took it off a minotaur in a
                  | labyrinth)
 25835 | Spider:1 | Entered Level 1 of the Spider Nest
 26261 | Spider:1 | Found the +3 robe of Clouds {+Fly rElec}
 26272 | Spider:1 | Noticed Roxanne
 26293 | Spider:1 | Killed Roxanne
 26293 | Spider:1 | Reached skill level 19 in Shields
 27047 | Spider:2 | Got a dazzling plate armour
 27058 | Spider:2 | Identified the +10 plate armour "Adihelun" {rN+++ Str+4
                  | Int+3 Stlth-} (You found it on level 2 of the Spider Nest)
 27357 | Spider:2 | Mangled by a wolf spider

Skill      XL: |  1  2  3  4  5  6  7  8  9 10 11 12 13 14 15 16 |
---------------+-------------------------------------------------+-----
Armour         | 4 5 6 7 9 10 11 12 13 14 15 | 15.5
Fighting       | 4 5 6 7 9 11 12 13 15 | 15.8
Shields        | 4 5 6 8 9 10 12 13 14 15 17 19 | 19.2
Long Blades    | 3 5 7 8 10 12 14 15 16 17 18 | 18.7
Dodging        | 1 2 3 |  3.5
Invocations    | 1 |  1.2
Evocations     | 1 |  1.8
Stealth        | 1 |  1.6

Action                   |  1- 3 |  4- 6 |  7- 9 | 10-12 | 13-15 | 16-18 || total
-------------------------+-------+-------+-------+-------+-------+-------++-------
Melee: Long sword        |    87 |   104 |   322 |       |       |       ||   513
       Headbutt          |    16 |    32 |    79 |   138 |   342 |   122 ||   729
       Scimitar          |       |       |    48 |   214 |    79 |       ||   341
       Double sword      |       |       |       |   333 |  1013 |   344 ||  1690
Invok: Heroism           |       |       |     2 |     3 |     4 |     1 ||    10
 Abil: Evoke Flight      |       |       |       |     3 |       |       ||     3
  Use: Potion            |       |       |     2 |     1 |     3 |     4 ||    10
       Scroll            |       |       |    16 |     7 |    16 |     4 ||    43
 Stab: Petrified         |       |       |       |       |     2 |       ||     2
  Eat: Chunk             |     1 |     4 |     9 |    15 |    32 |     8 ||    69
       Ration            |       |       |     2 |     1 |     1 |     1 ||     5
Armor: Chain mail        |    62 |    50 |    91 |       |       |       ||   203
       Plate armour      |       |       |    73 |   252 |   467 |   124 ||   916
Dodge: Dodged            |    27 |    39 |    81 |   131 |   273 |    74 ||   625
Block: Shield            |    53 |    63 |   236 |   389 |   421 |       ||  1162
       Large shield      |       |       |       |       |   809 |   639 ||  1448
       Rpst.: Long sword |     7 |    12 |    20 |       |       |       ||    39
       Scimitar          |       |       |     5 |    10 |     4 |       ||    19
       Double sword      |       |       |       |    16 |    52 |    15 ||    83
